 Dungeon Crawl Stone Soup version 0.18.1-48-g4cf74bf (webtiles) character file.

17 Joat the Magician (level 2, -13/19 HPs)
             Began as a Demonspawn Wizard on July 27, 2016.
             Killed by divine providence
             ... invoked by an orc priest
              (15 damage)
             ... on level 3 of the Dungeon.
             The game lasted 00:09:01 (922 turns).

Joat the Magician (Demonspawn Wizard)                Turns: 922, Time: 00:09:01

Health: -13/19     AC:  6    Str:  7    XL:     2   Next: 44%
Magic:  2/6        EV: 12    Int: 19    God:
Gold:   69         SH:  0    Dex: 11    Spells: 4 memorised, 0 levels left

rFire  . . .     SeeInvis .     j - +0 short sword
rCold  . . .     Gourm    .     l - +0 robe
rNeg   . . .     Faith    .     (no shield)
rPois  .         Spirit   .     b - +0 hat
rElec  .         Dismiss  .     (no cloak)
rCorr  .         Reflect  .     (no gloves)
SustAt .         Harm     .     (no boots)
MR     .....                    (no amulet)
Stlth  ++........               (no ring)
                                (no ring)

@: not resistant to hostile enchantments, unstealthy
A: iridescent scales 1
a: no special abilities


You were on level 3 of the Dungeon.
You were not hungry.

You visited 1 branch of the dungeon, and saw 3 of its levels.

You collected 69 gold pieces.

Inventory:

Hand Weapons
 j - a +0 short sword (weapon)
Missiles
 e - 30 bolts
 f - 36 stones (quivered)
Armour
 b - a +0 hat (worn)
 l - a +0 robe (worn)
Scrolls
 g - a scroll of identify {unknown}
 i - a scroll of remove curse {unknown}
 k - a scroll of magic mapping {unknown}
Potions
 h - a potion of magic {unknown}
 m - 2 potions of agility {unknown}
 n - a potion of cure mutation {unknown}
Books
 c - a book of Minor Magic

   Spells                             Type                      Level
   a - Magic Dart                     Conjuration                  1
   b - Blink                          Translocation                2
   c - Call Imp                       Summoning                    2
   d - Repel Missiles                 Charms/Air                   2
   e - Slow                           Hexes                        2
   f - Conjure Flame                  Conjuration/Fire             3
   g - Mephitic Cloud                 Conjuration/Poison/Air       3
Comestibles
 a - a beef jerky
 d - a bread ration


   Skills:
 + Level 0.1 Armour
 + Level 1.8 Dodging
 + Level 2.0 Stealth
 + Level 3.1 Spellcasting
 + Level 1.4 Conjurations
 + Level 0.0 Charms
 + Level 1.2 Summonings
 + Level 1.2 Translocations
 + Level 0.0 Air Magic


You couldn't memorise any spells.
You knew the following spells:

 Your Spells              Type           Power        Failure   Level  Hunger
a - Magic Dart            Conj           #...         10%         1    None
b - Blink                 Tloc           N/A          14%         2    ##.....
c - Repel Missiles        Chrm/Air       #.....       24%         2    ##.....
d - Call Imp              Summ           #.......     17%         2    ##.....


Dungeon Overview and Level Annotations

Branches:
Dungeon (3/15)

Altars:

Annotations:
D:2 Robin, Sigmund
D:3 Natasha


Innate Abilities, Weirdness & Mutations

You are partially covered in iridescent scales (AC +4).


Message History

You blink.
A jackal comes into view.
An orc comes into view. It is wielding a club.
An orc comes into view.
The jackal barks!
The orc priest miscasts a cantrip.
Casting: Blink
Confirm with . or Enter, or press ? or * to list all spells.
You blink.
Natasha hisses angrily.
The orc shouts!
You hear a bark!
You hear a shout! x5
The orc priest invokes the aid of Beogh against you.
Beogh smites you!
* * * LOW HITPOINT WARNING * * *
An orc comes into view.
The orc shouts!
An orc wizard comes into view. It is wielding a dagger.
The orc priest mumbles some strange prayers to Beogh against you.
Beogh smites you!
Ouch! That really hurt!
You die...

# #.# #.#### . #.# #....#
###.###.#########....###
#
.o.o........r............
..
###.#o...########....####
## #.o..# #....#
#.Y.r########....#
#...o.......#.####
#......@....#.#
##..ho.h....#.#
.....#.......#.#
.#.o.#..........
#...#..........
#.o.#..........
...h...........
............ ...........


You could see a sky beast, an orc priest, Natasha, 4 orcs, a jackal and a rat.

Vanquished Creatures
  A dart slug (D:1)
  3 bats (D:1)
  2 goblins
  2 hobgoblins (D:1)
  A giant newt (D:1)
  3 kobolds (D:1)
  3 rats (D:1)
15 creatures vanquished.

Notes
Turn   | Place    | Note
--------------------------------------------------------------
     0 | D:1      | Joat the Demonspawn Wizard began the quest for the Orb.
     0 | D:1      | Reached XP level 1. HP: 13/13 MP: 4/4
   146 | D:1      | Gained mutation: You are partially covered in iridescent scales (AC +4). [demonic ancestry]
   146 | D:1      | Reached XP level 2. HP: 15/19 MP: 0/6
   150 | D:1      | Learned a level 2 spell: Blink
   153 | D:1      | Learned a level 2 spell: Repel Missiles
   156 | D:1      | Learned a level 2 spell: Call Imp
   216 | D:1      | Reached skill level 1 in Translocations
   748 | D:2      | Noticed Sigmund
   751 | D:2      | Noticed Robin
   872 | D:3      | Noticed a sky beast
   912 | D:3      | Noticed Natasha
   922 | D:3      | Killed from afar by an orc priest

Skill      XL: |  1  2 |
---------------+-------+-----
Stealth        | 2 |  2.0
Translocations | 1 |  1.2
Armour         | |  0.1
Dodging        | |  1.8
Spellcasting   | |  3.1
Conjurations   | |  1.4
Summonings     | |  1.2

Action                   || total
-------------------------++-------
Melee: Club              ||     6
       Short sword       ||     4
       Unarmed           ||     1
 Cast: Magic Dart        ||    21
       Blink             ||     2
Armor: Robe              ||     5
Dodge: Dodged            ||    11
